 Dungeon Crawl Stone Soup version 0.30-a0-219-gf2db51d15e (webtiles) character file.

Game seed: 6811708976228111893

15004 Iich the Protected (level 11, -59/151 HPs)
             Began as a Minotaur Berserker on Oct 4, 2022.
             Was a High Priest of Trog.
             Annihilated by a titanic slime creature (75 damage)
             ... on level 12 of the Dungeon on Oct 7, 2022.
             The game lasted 00:27:46 (11126 turns).

Iich the Protected (Minotaur Berserker)            Turns: 11126, Time: 00:27:46

Health: -59/151    AC: 24    Str: 24 (25) XL:     11   Next: 96%
Magic:  10/10      EV: 10    Int:  4      God:    Trog [*****.]
Gold:   394        SH:  0    Dex: 15      Spells: 10/10 levels left

rFire   . . .      SeeInvis .    U - +7 triple sword of Dim Light {flame, rCorr}
rCold   x . .      Faith    .    (shield currently unavailable)
rNeg    . . .      Spirit   .    m - +0 plate armour
rPois   .          Reflect  .    (helmet restricted)
rElec   .          Harm     .    I - +1 cloak {Stlth+}
rCorr   +          Rampage  .    Y - +0 pair of gloves
Will    .....                    (no boots)
Stlth   ..........               (no amulet)
HPRegen 0.45/turn                e - +4 ring of protection
MPRegen 0.12/turn                j - +6 ring of dexterity

@: berserking, studying Armour, very quick
A: horns 2, retaliatory headbutt, deterioration 1, weak 1, cold vulnerability 1,
devolution 1
a: Renounce Religion, Berserk, Trog's Hand, Brothers in Arms


You were on level 12 of the Dungeon.
You worshipped Trog.
Trog was extremely pleased with you.
You visited 1 branch of the dungeon, and saw 11 of its levels.
You also visited: Bailey.

You collected 601 gold pieces.
You spent 207 gold pieces at shops.

Inventory:

Hand Weapons
 r - a +4 vorpal battleaxe
 w - a +4 morningstar of freezing
 H - a +2 quarterstaff of chaos
 N - a +2 trident of freezing
 O - a +0 hammer
 U - the +7 triple sword of Dim Light (weapon) {flame, rCorr}
   (You found it in a bailey)

   It burns those it strikes, dealing additional fire damage.
   Big, fiery blades are also staple armaments of hydra-hunters.
   rCorr:     It protects you from acid and corrosion.
Missiles
 n - 46 poisoned darts (quivered)
 u - 3 throwing nets
Armour
 m - a +0 plate armour (worn)
 C - a +0 buckler
 I - a +1 cloak of stealth (worn)
 Y - a +0 pair of gloves (worn)
Jewellery
 a - a ring of see invisible
 e - a +4 ring of protection (left hand)
 j - a +6 ring of dexterity (right hand)
 s - a ring of protection from fire
 t - a ring of ice
 K - a ring of resist corrosion
Wands
 i - a wand of iceblast (8)
 x - a wand of flame (30)
 B - a wand of quicksilver (11)
 D - a wand of paralysis (10)
 Q - a wand of mindburst (11)
Scrolls
 b - a scroll of magic mapping
 c - 2 scrolls of blinking
 h - 2 scrolls of torment
 l - 3 scrolls of noise
 q - a scroll of fog
 y - a scroll of poison
 E - a scroll of immolation {unknown}
 F - a scroll of fear
 G - 2 scrolls of summoning
 M - a scroll of amnesia
 P - 2 scrolls of identify
 Z - a scroll of teleportation
Potions
 d - 11 potions of curing
 f - 3 potions of heal wounds
 g - a potion of ambrosia
 o - 2 potions of berserk rage
 p - a potion of haste
 v - 2 potions of magic
 z - a potion of cancellation
 A - a potion of attraction
 L - 2 potions of might
 V - a potion of resistance
Miscellaneous
 k - a lightning rod (4/4)


   Skills:
 + Level 10.3 Fighting
 * Level 10.6 Long Blades
 - Level 11.3(12.2) Axes
 - Level 6.6(9.9) Maces & Flails
 - Level 2.9(7.8) Polearms
 + Level 1.6 Throwing
 + Level 13.1 Armour
 + Level 6.3 Dodging
 + Level 4.1 Stealth


You had 10 spell levels left.
You didn't know any spells.
Your spell library was empty.

Dungeon Overview and Level Annotations

Branches:
Dungeon (12/15)            Temple (0/1) D:6            Lair (0/5) D:11
    Orc (0/2) D:10         Bailey (visited)

Altars:
Ashenzari
Dithmenos
Fedhas
Makhleb
Qazlal
Sif Muna
Uskayaw
Xom

Shops:
D:4 *

Annotations:
D:8 Psyche


Innate Abilities, Weirdness & Mutations

You have a pair of horns on your head.
You reflexively headbutt those who attack you in melee.
Your body sometimes deteriorates upon taking damage.
You are weak. (Str -2)
You are vulnerable to cold. (rC-)
You have hidden genetic defects.


Message History

The slime creature hits you.
A slime creature comes into view.
You slice the slime creature!! You burn the slime creature.
The slime creature is heavily wounded.
The slime creature hits you but does no damage. x2
A slime creature comes into view.
The slime creature hits you but does no damage.
The slime creature hits you.
You hit the slime creature. You burn the slime creature.
You headbutt the slime creature.
The slime creature is severely wounded.
The slime creature hits you but does no damage. x2
The slime creature jiggles.
The slime creature attacks as you move away!
The slime creature hits you!
The slime creature attacks as you move away!
The slime creature hits you but does no damage.
The slime creature attacks as you move away!
The slime creature barely misses you. x2
The slime creature attacks as you move away!
The slime creature hits you but does no damage.
Two slime creatures merge to form a large slime creature.
Two slime creatures merge to form a very large slime creature.
Two slime creatures merge to form an enormous slime creature.
The enormous slime creature hits you!!!
You slice the enormous slime creature!! You burn the enormous slime creature.
The enormous slime creature is moderately wounded.
The enormous slime creature hits you!!
* * * LOW HITPOINT WARNING * * *
Your body deteriorates!
You feel weakened.
Two slime creatures merge to form a large slime creature.
Two slime creatures merge to form a titanic slime creature.
A red film seems to cover your vision as you go berserk!
You feel yourself moving faster!
You feel mighty!
You are too berserk!
You slash the titanic slime creature! You burn the titanic slime creature.
You headbutt the titanic slime creature.
The titanic slime creature is moderately wounded.
The titanic slime creature hits you!!!!
You die...

######### ........#
........# #########
........# #.......#
........# #.......#
........# #.......#
........# #.......#
........#### #.......#
.......JJ@.###......>#
........##...'.......#
........######.......#
........# #.......+
######.## #.......# .[
##'###### ### #.##
#..# ##.#


You could see a titanic slime creature and a large slime creature.

Vanquished Creatures
  Pikel (D:8)
  An orc knight (Bailey)
  2 cyclopes (D:11)
  Maurice (D:11)
  Joseph (D:7)
  3 kobold demonologists (D:12)
  A tengu conjurer (D:11)
  A troll (D:11)
  Grinder (D:6)
  3 slime creatures (D:12)
  A hornet (D:7)
  Sigmund (D:3)
  3 wyverns
  A vampire (D:10)
  6 yaks (D:8)
  2 steam dragons (D:7)
  An acid dragon (D:10)
  3 water moccasins (D:11)
  9 orc warriors
  2 black bears (D:11)
  3 ice beasts
  6 centaurs
  An ogre (D:5)
  4 wolves (D:11)
  2 phantoms
  A lemure (D:8)
  4 kobold brigands
  3 bullfrogs
  3 gnoll sergeants
  A scorpion (D:6)
  A wight (D:8)
  8 killer bees (D:10)
  2 electric eels (D:6)
  A howler monkey (D:8)
  3 hounds
  A jelly (D:6)
  Crazy Yiuf (D:3)
  6 orc priests
  A gnoll bouda (D:7)
  8 iguanas
  6 orc wizards
  3 adders
  20 gnolls
  A white imp (D:7)
  3 ufetubi
  3 worms
  7 dart slugs
  40 orcs
  7 bats
  8 endoplasms
  3 giant cockroaches
  7 goblins
  8 hobgoblins
  20 kobolds
  2 quokkas
  4 ball pythons
  3 frilled lizards
  6 rats
  A bush (D:3)
256 creatures vanquished.

Vanquished Creatures (others)
  An orc (D:7)
  2 goblins (D:7)
  4 fungi
  8 plants
15 creatures vanquished.

Grand Total: 271 creatures vanquished

Notes
Turn   | Place    | Note
-------+----------+-------------------------------------------
     0 | D:1      | Iich the Minotaur Berserker began the quest for the Orb.
     0 | D:1      | Reached XP level 1. HP: 19/19 MP: 0/0
   126 | D:1      | Reached XP level 2. HP: 27/27 MP: 1/1
   414 | D:1      | Reached ** piety under Trog
   460 | D:1      | Reached XP level 3. HP: 33/33 MP: 2/2
  1167 | D:2      | Reached skill level 5 in Axes
  1817 | D:3      | Reached XP level 4. HP: 32/41 MP: 3/3
  2086 | D:3      | Found a hide-covered altar of Uskayaw.
  2165 | D:3      | Noticed Sigmund
  2171 | D:3      | Killed Sigmund
  2172 | D:3      | Reached skill level 3 in Armour
  2172 | D:3      | Reached XP level 5. HP: 47/47 MP: 4/4
  2172 | D:3      | Reached XP level 6. HP: 53/53 MP: 5/5
  2229 | D:3      | Found a broken altar of Ashenzari.
  2265 | D:3      | Reached *** piety under Trog
  2266 | D:3      | Reached skill level 1 in Stealth
  2337 | D:3      | Found a shadowy altar of Dithmenos.
  2605 | D:3      | Found a runed translucent door.
  2606 | D:3      | Noticed Crazy Yiuf
  2615 | D:3      | Killed Crazy Yiuf
  2616 | D:3      | Reached skill level 4 in Armour
  2995 | D:4      | Found a burning altar of Makhleb.
  3424 | D:4      | Noticed an ice beast
  3435 | D:4      | Killed an ice beast
  3436 | D:4      | Reached XP level 7. HP: 43/60 MP: 6/6
  3523 | D:4      | Found Vataux's Assorted Antiques.
  3532 | D:4      | Bought a black potion for 24 gold pieces
  3532 | D:4      | Bought a fluorescent wand for 108 gold pieces
  3532 | D:4      | Bought a scroll labelled UNUCUI QUSTIRPH for 27 gold pieces
  3532 | D:4      | Bought a ruby potion for 24 gold pieces
  3532 | D:4      | Bought a metallic clear potion for 24 gold pieces
  3701 | D:5      | Entered Level 5 of the Dungeon
  3800 | D:5      | Reached skill level 1 in Throwing
  4029 | D:5      | Reached skill level 5 in Fighting
  4132 | D:5      | Reached skill level 1 in Maces & Flails
  4432 | D:5      | Reached skill level 5 in Armour
  4666 | D:5      | Reached **** piety under Trog
  4667 | D:5      | Reached XP level 8. HP: 58/69 MP: 7/7
  5193 | D:6      | Noticed Grinder
  5199 | D:6      | Paralysed by Grinder for 5 turns
  5215 | D:6      | Paralysed by Grinder for 3 turns
  5220 | D:6      | Killed Grinder
  5221 | D:6      | Reached skill level 5 in Maces & Flails
  5344 | D:6      | Found a staircase to the Ecumenical Temple.
  6464 | D:6      | Reached XP level 9. HP: 71/75 MP: 8/8
  6555 | D:7      | Reached skill level 6 in Armour
  6783 | D:7      | Found a shimmering blue altar of Sif Muna.
  6783 | D:7      | Found a stormy altar of Qazlal.
  6818 | D:7      | Found a faded altar of an unknown god.
  6821 | D:7      | Found a blossoming altar of Fedhas.
  6823 | D:7      | Found a shimmering altar of Xom.
  6912 | D:7      | Found a flagged portal.
  6959 | Bailey   | Entered a bailey
  7184 | Bailey   | Reached skill level 10 in Axes
  7680 | Bailey   | Reached skill level 1 in Polearms
  7680 | Bailey   | Reached skill level 7 in Armour
  7757 | Bailey   | Noticed an orc knight
  7763 | Bailey   | Killed an orc knight
  7771 | Bailey   | Identified the +7 triple sword of Dim Light {flame, rCorr}
  7960 | Bailey   | Reached skill level 10 in Armour
  7960 | Bailey   | Reached XP level 10. HP: 90/90 MP: 9/9
  8099 | D:7      | Paralysed by a hornet for 1 turns
  8105 | D:7      | Reached XP level 11. HP: 76/95 MP: 10/10
  8166 | D:7      | Noticed Joseph
  8177 | D:7      | Killed Joseph
  8187 | D:7      | Upgraded the game from 0.30-a0-210-g01b79a254e to
                  | 0.30-a0-219-gf2db51d15e
  8429 | D:7      | Gained mutation: You are robust. (+10% HP) [potion of
                  | mutation]
  8430 | D:7      | Lost mutation: You are robust. (+10% HP) [potion of
                  | mutation]
  8430 | D:7      | Gained mutation: You are vulnerable to cold. (rC-) [potion
                  | of mutation]
  8430 | D:7      | Gained mutation: You have hidden genetic defects. [potion
                  | of mutation]
  8556 | D:8      | Reached skill level 11 in Armour
  9241 | D:8      | Noticed Pikel
  9247 | D:8      | Killed Pikel
  9286 | D:8      | Noticed Psyche
  9286 | D:8      | You fall into a shaft and drop 3 floors!
  9328 | D:10     | Entered Level 10 of the Dungeon
  9362 | D:10     | Reached ***** piety under Trog
  9395 | D:10     | Gained mutation: You have terrible hidden genetic defects.
                  | [hidden defects]
 10152 | D:10     | Found a staircase to the Orcish Mines.
 10405 | D:11     | Noticed Maurice
 10409 | D:11     | Paralysed by Maurice for 3 turns
 10416 | D:11     | Paralysed by Maurice for 3 turns
 10425 | D:11     | Killed Maurice
 10446 | D:11     | Found a staircase to the Lair.
 10454 | D:11     | Reached skill level 12 in Armour
 10468 | D:11     | Received a gift from Trog
 10473 | D:11     | Gained mutation: You are weak. (Str -2) [hidden defects]
 10473 | D:11     | Lost mutation: You have terrible hidden genetic defects.
                  | [hidden defects expressed]
 10479 | D:11     | Reached skill level 10 in Long Blades
 10484 | D:11     | Reached skill level 10 in Fighting
 10952 | D:12     | Noticed a sun demon
 10954 | D:12     | Reached skill level 13 in Armour
 10959 | D:12     | Gained mutation: Your body sometimes deteriorates upon
                  | taking damage. [hidden defects]
 11126 | D:12     | Annihilated by a titanic slime creature

Illustrated notes

Levels and vault maps discovered:
D:1:      dpeg_arrival_solitude, layout_basic, minmay_tromino_i2
D:2:      layout_basic, chequers_serial_rivers_small_a, minmay_statues_item
D:3:      layout_rooms, mainiacjoe_overflow_catch_the_wave,
          mainiacjoe_overflow_paths, uniq_sigmund, uniq_crazy_yiuf_cottage
D:4:      layout_cave_pods, kennysheep_mini, serial_shops, nicolae_shop_stone,
          serial_bayou_crossing
D:5:      layout_loops_corners, hex_medium, kennysheep_small_spiral,
          minmay_misc_feat_rugged, grunt_ministairs_8, serial_bayou_ford_a,
          bh_walls_and_bars
D:6:      layout_loops_cross, minmay_temple_entry_junction,
          nicolae_concentric_dashed_squares_mild, kennysheep_cross_room,
          minmay_misc_feat_encased, nicolae_fountain_basement, uniq_grinder
D:7:      layout_layer_cave, chequers_temple_overflow_minitemple,
          enter_bailey_4, uniq_joseph
D:8:      lemuel_slime, layout_basic, uniq_psyche, uniq_pikel
D:10:     layout_roguey, orc_0_dummy
D:11:     layout_rooms, minmay_lair_entry_grove, uniq_maurice
D:12:     layout_roguey, uniq_frances, uniq_kirke

Skill      XL: |  1  2  3  4  5  6  7  8  9 10 11 |
---------------+----------------------------------+-----
Axes           | 4 5 6 7 8 11 | 11.3
Fighting       | 4 5 6 8 10 | 10.3
Armour         | 3 4 5 10 13 | 13.1
Dodging        | 3 4 6 |  6.3
Stealth        | 1 2 4 |  4.1
Throwing       | 1 |  1.6
Maces & Flails | 3 6 |  6.6
Polearms       | 2 |  2.9
Long Blades    | 6 7 10 | 10.6

Action                   |  1- 3 |  4- 6 |  7- 9 | 10-12 || total
-------------------------+-------+-------+-------+-------++-------
Melee: Hand axe          |    72 |   117 |    16 |       ||   205
       Headbutt          |    10 |    31 |    54 |    49 ||   144
       Punch             |       |     1 |     3 |     2 ||     6
       Flail             |       |       |    81 |       ||    81
       War axe           |       |       |   123 |       ||   123
       Glaive            |       |       |    18 |       ||    18
       Triple sword      |       |       |       |    77 ||    77
       Morningstar       |       |       |       |   131 ||   131
       Battleaxe         |       |       |       |     7 ||     7
Throw: Dart              |       |     9 |    12 |       ||    21
Invok: Berserk           |     1 |     2 |     1 |     4 ||     8
  Use: Scroll            |     4 |     1 |     3 |    13 ||    21
       Potion            |       |       |     2 |     4 ||     6
 Stab: Sleeping          |       |     2 |       |       ||     2
       Distracted        |       |       |       |     1 ||     1
Armor: Animal skin       |    19 |       |       |       ||    19
       Ring mail         |     3 |       |       |       ||     3
       Scale mail        |     1 |    31 |    13 |       ||    45
       Chain mail        |       |       |    78 |       ||    78
       Plate armour      |       |       |   127 |   235 ||   362
Dodge: Dodged            |    68 |    42 |   158 |   157 ||   425

Table legend: (Time is in decaauts)
 A = Elapsed time spent in this place.
 B = Non-inter-level travel time spent in this place.
 C = Inter-level travel time spent in this place.
 D = Time resting spent in this place.
 E = Time spent auto-exploring this place.
 F = Levels seen in this place.
 G = Mean time per level.
                   A        B        C        D        E       F      G
               +--------+--------+--------+--------+--------+-----+--------+
         Total |  11262 |  10790 |    472 |    282 |   7320 |  12 |  938.5 |
       Dungeon |  10194 |   9722 |    472 |    153 |   6610 |  11 |  926.7 |
        Bailey |   1068 |   1068 |      0 |    129 |    710 |   1 | 1068.0 |
               +--------+--------+--------+--------+--------+-----+--------+

Top non-repeatable levels by time:
     D:6: 1458 daAuts
     D:5: 1396 daAuts
     D:2: 1090 daAuts
  Bailey: 1068 daAuts
     D:3: 1013 daAuts
     D:7: 970 daAuts
    D:10: 954 daAuts
     D:4: 918 daAuts
     D:8: 753 daAuts
     D:1: 729 daAuts
    D:11: 721 daAuts
    D:12: 186 daAuts
